 Dungeon Crawl Stone Soup version 0.17-a0-1181-gabc46e6 (webtiles) character file.

4753 wotan the Grappler (level 10, -2/86 HPs)
             Began as a Ghoul Monk on May 31, 2015.
             Was a High Priest of Makhleb.
             Slain by a spiny frog (17 damage)
             ... on level 1 of the Lair of Beasts.
             The game lasted 00:46:42 (9056 turns).

wotan the Grappler (Ghoul Monk)                     Turns: 9056, Time: 00:46:44

Health: -2/86      AC: 13    Str: 21    XL:     10   Next: 46%
Magic:  14/14      EV:  7    Int:  5    God:    Makhleb [*****.]
Gold:   596        SH: 10    Dex: 14    Spells: 0 memorised, 9 levels left

rFire  . . .     SeeInvis .       - Unarmed
rCold  + + .     Clarity  .     l - +2 chain mail {rC+}
rNeg   + + +     SustAt   .     e - +0 shield
rPois  ∞         Gourm    .     f - +0 helmet
rElec  .         Spirit   .     (no cloak)
rCorr  .         Warding  .     (no gloves)
rMut   .         Stasis   .     (no boots)
MR     .....                    (no amulet)
Stlth  ..........               B - +3 ring of strength
                                i - +2 ring of strength

@: rotting, not resistant to hostile enchantments, extremely unstealthy
A: rotting body, claws 1, carnivore 3, cold resistance 1, negative energy
resistance 3, slow healing 1, torment resistance, unbreathing
a: Minor Destruction, Lesser Servant of Makhleb, Major Destruction, Greater
Servant of Makhleb, Renounce Religion


You were on level 1 of the Lair of Beasts.
You worshipped Makhleb.
Makhleb was extremely pleased with you.
You were not hungry.

You visited 3 branches of the dungeon, and saw 10 of its levels.

You collected 596 gold pieces.

Inventory:

Missiles
 n - 193 stones (quivered)
Armour
 e - a +0 shield (worn)
 f - a +0 helmet (worn)
 l - a +2 chain mail of cold resistance (worn)
 t - a +2 leather armour of fire resistance
Jewellery
 g - a +1 ring of evasion
 h - an uncursed ring of sustain attributes
 i - a +2 ring of strength (left claw)
 j - a +2 ring of protection
 p - an uncursed ring of protection from magic
 r - an uncursed ring of stealth
 B - a +3 ring of strength (right claw)
 F - a +2 ring of evasion
Magical devices
 w - a wand of digging (4)
 C - a wand of digging (12)
 G - a wand of cold (5)
 M - a wand of digging (9)
Scrolls
 k - 5 scrolls of teleportation
 m - 3 scrolls of magic mapping
 o - 8 scrolls of remove curse
 v - 2 scrolls of recharging
 x - 2 scrolls of identify
 y - a scroll of enchant armour
 A - a scroll of fear
 D - 2 scrolls of blinking
 E - a scroll of noise {unknown}
 L - a scroll of immolation {unknown}
Potions
 a - 3 potions of might
 c - 3 potions of brilliance
 s - 2 potions of degeneration
 u - 3 potions of curing
 z - a potion of flight
Books
 d - a book of the Dragon

   Spells                             Type                      Level
   a - Flame Tongue                   Conjuration/Fire             1
   b - Cause Fear                     Hexes                        4
   c - Bolt of Fire                   Conjuration/Fire             6
   d - Dragon Form                    Transmutation                7
   e - Dragon's Call                  Summoning                    9
 I - a book of Conjurations

   Spells                             Type                      Level
   a - Magic Dart                     Conjuration                  1
   b - Searing Ray                    Conjuration                  2
   c - Dazzling Spray                 Conjuration/Hexes            3
   d - Fulminant Prism                Conjuration/Hexes            4
   e - Iskenderun's Mystic Blast      Conjuration                  4
   f - Iskenderun's Battlesphere      Conjuration/Charms           5
 J - a book of Battle

   Spells                             Type                      Level
   a - Infusion                       Charms                       1
   b - Shroud of Golubria             Charms/Translocation         2
   c - Song of Slaying                Charms                       2
   d - Spectral Weapon                Hexes/Charms                 3
   e - Regeneration                   Charms/Necromancy            3
Comestibles
 b - 3 meat rations
 q - a slice of pizza
 K - a royal jelly


   Skills:
 - Level 7.0 Fighting
 - Level 6.7 Armour
 - Level 2.7 Dodging
 - Level 2.1 Stealth
 + Level 4.6 Shields
 - Level 10.1 Unarmed Combat
 - Level 7.0 Invocations


You had 9 spell levels left.
You didn't know any spells.

Dungeon Overview and Level Annotations

Branches:
Dungeon (8/15)             Temple (1/1) D:5            Lair (1/8) D:8

Altars:
Ashenzari
Cheibriados
Dithmenos
Elyvilon
Fedhas
Gozag
Kikubaaqudgha
Makhleb
Nemelex Xobeh
Okawaru
Qazlal
Ru
Sif Muna
Trog
Vehumet
Xom
Yredelemnul
Zin
The Shining One
Beogh


Innate Abilities, Weirdness & Mutations

Your body is rotting away.
You thrive on raw meat.
You are immune to poison.
You have sharp fingernails.
You are carnivorous and can eat meat at any time.
Your flesh is cold resistant.
You are immune to negative energy.
You heal slowly when monsters are visible.
You are immune to unholy pain and torment.
You can survive without breathing.


Message History

You block the spiny frog's attack. The porcupine bites you.
Use which ability? (? or * to list)
A demon appears!
You feel slightly more hungry. You block the porcupine's attack.
Use which ability? (? or * to list)
A demon appears!
You feel slightly more hungry. The porcupine barely misses you.
The spiny frog stings you. You block the giant frog's attack.
The spiny frog stings you!
* * * LOW HITPOINT WARNING * * *
Your orange demon is struck by the porcupine's spines.
Your orange demon stings the porcupine.
Your orange demon hits the porcupine but does no damage.
You block the porcupine's attack.
You claw the giant frog!
The giant frog begins to bleed from its wounds!
The giant frog is heavily wounded.
You block the giant frog's attack. The giant frog hits you.
* * * LOW HITPOINT WARNING * * *
You block the porcupine's attack. The spiny frog stings you!
You die...

.###......................##
####..............)........#.
# #..#P#.....................
# #.####.........)...........
#.#####............%.......
##..# #.###.......?†.....).
#### ### #...4.3.r........
###.Fr##..?.....(
#.@F...........
####.......###. ####....#
######


You could see a spiny frog (bleeding), a giant frog (bleeding), a porcupine, a
friendly orange demon and a friendly ynoxinul.

Vanquished Creatures
  Pikel (D:6)
  The ghost of asdu the Cleaver, an experienced VSBe of Trog (D:8)
  Eustachio (D:4)
  A basilisk (Lair:1)
  Edmund (D:4)
  2 porcupines (Lair:1)
  A water moccasin (D:8)
  Duvessa (D:4)
  A necrophage (D:7)
  A slave (D:5)
  2 ice beasts (D:7)
  5 sky beasts
  3 ogres
  2 centaurs
  A crocodile (Lair:1)
  Blork the orc (D:5)
  4 giant frogs
  A gnoll sergeant (D:6)
  Dowan (D:4)
  A scorpion (D:5)
  4 wights (D:6)
  3 jellies
  4 killer bees (D:7)
  2 giant frog zombies
  Ijyb (D:3)
  Jessica (D:3)
  2 hounds
  2 iguanas (D:5)
  5 orc priests
  5 orc wizards
  4 worker ants
  The ghost of Charly the Insei, a weakling HuMo (D:4)
  A hound zombie (D:7)
  A hound skeleton (D:6)
  A worker ant zombie (D:5)
  Robin (D:2)
  12 adders
  17 gnolls
  2 shadow imps
  3 oozes
  2 worms
  8 giant geckos
  35 orcs
  2 ball pythons
  9 bats
  2 bat skeletons
  A bat zombie (D:7)
  11 giant cockroaches
  16 hobgoblins
  10 jackals
  5 quokkas
  A giant gecko zombie (D:7)
  7 giant newts
  31 goblins
  9 kobolds
  A quokka skeleton (D:8)
  18 rats
272 creatures vanquished.

Vanquished Creatures (others)
  An orc wizard (D:3)
  A kobold (D:3)
  A quokka (D:3)
  A giant cockroach (D:3)
4 creatures vanquished.

Grand Total: 276 creatures vanquished

Notes
Turn   | Place    | Note
--------------------------------------------------------------
     0 | D:1      | wotan the Ghoul Monk began the quest for the Orb.
     0 | D:1      | Reached XP level 1. HP: 19/19 MP: 0/0
   256 | D:1      | Reached XP level 2. HP: 24/26 MP: 1/1
   504 | D:1      | Reached skill level 5 in Unarmed Combat
  1134 | D:1      | Reached XP level 3. HP: 31/31 MP: 2/2
  1718 | D:2      | Noticed Robin
  1785 | D:2      | Reached XP level 4. HP: 11/38 MP: 3/3
  1797 | D:2      | Killed Robin
  1797 | D:2      | Reached skill level 6 in Unarmed Combat
  2251 | D:2      | Found a glowing silver altar of Zin.
  2814 | D:3      | Reached XP level 5. HP: 45/45 MP: 4/4
  2861 | D:3      | Reached skill level 7 in Unarmed Combat
  3120 | D:3      | Found a roughly hewn altar of Beogh.
  3132 | D:3      | Reached XP level 6. HP: 32/51 MP: 5/5
  3141 | D:3      | HP: 2/51 [orc priest/divine providence (15)]
  3150 | D:3      | Reached skill level 8 in Unarmed Combat
  3264 | D:3      | Noticed Jessica
  3285 | D:3      | Killed Jessica
  3286 | D:3      | Found a white marble altar of Elyvilon.
  3656 | D:3      | Noticed Ijyb
  3671 | D:3      | Killed Ijyb
  3879 | D:4      | Noticed Dowan
  3880 | D:4      | Noticed Duvessa
  3906 | D:5      | Entered Level 5 of the Dungeon
  3984 | D:5      | Found a staircase to the Ecumenical Temple.
  4002 | D:5      | Reached XP level 7. HP: 51/57 MP: 6/6
  4049 | Temple   | Entered the Ecumenical Temple
  4221 | Temple   | Became a worshipper of Makhleb the Destroyer
  4221 | Temple   | Acquired Makhleb's first power
  4221 | Temple   | Acquired Makhleb's second power
  4248 | D:5      | Reached skill level 9 in Unarmed Combat
  4285 | D:5      | Found a shadowy altar of Dithmenos.
  4480 | D:5      | Noticed Blork the orc
  4487 | D:5      | Killed Blork the orc
  4810 | D:5      | Reached skill level 10 in Unarmed Combat
  5087 | D:4      | Reached XP level 8. HP: 25/62 MP: 6/8
  5254 | D:4      | Killed Duvessa
  5381 | D:4      | Noticed Edmund
  5395 | D:4      | Killed Edmund
  5700 | D:4      | Killed Dowan
  5700 | D:4      | Reached skill level 5 in Invocations
  5830 | D:4      | Noticed Eustachio
  5832 | D:4      | Noticed Charly's ghost (weakling HuMo)
  5838 | D:4      | Killed Eustachio
  5843 | D:4      | Killed Charly's ghost
  5870 | D:4      | Acquired Makhleb's third power
  6084 | D:6      | Found an opulent altar of Gozag.
  6252 | D:6      | Noticed Pikel
  6283 | D:5      | Reached skill level 1 in Armour
  6468 | D:6      | Reached XP level 9. HP: 57/70 MP: 13/13
  6695 | D:6      | Acquired Makhleb's fourth power
  6945 | D:6      | Reached skill level 5 in Armour
  7095 | D:6      | Killed Pikel
  7244 | D:7      | Reached skill level 5 in Fighting
  7390 | D:7      | Reached XP level 10. HP: 73/83 MP: 14/14
  7697 | D:7      | Acquired Makhleb's fifth power
  8065 | D:8      | Reached skill level 1 in Shields
  8118 | D:8      | Found a staircase to the Lair.
  8248 | D:8      | Noticed asdu's ghost (experienced VSBe)
  8262 | D:8      | Killed asdu's ghost
  8424 | D:8      | Found a shimmering altar of Xom.
  8426 | D:8      | Found a basalt altar of Yredelemnul.
  8428 | D:8      | Found a blossoming altar of Fedhas.
  8926 | Lair:1   | Entered Level 1 of the Lair of Beasts
  9056 | Lair:1   | Slain by a spiny frog

Vault maps used:
D:1:      dpeg_arrival_water_fire
D:2:      old_standard_altar, uniq_robin
D:3:      elyvilon_altar_4, kennysheep_orc_chapel, uniq_jessica, uniq_iyjb
D:4:      first_bread, uniq_eustachio, uniq_duvessa, uniq_edmund
D:5:      nicolae_overflow_crystal_walls, minmay_temple_entry_large_hall,
          uniq_blork_the_orc
D:6:      grunt_gozag_statues, st_stairs_12, hex_medium, uniq_pikel
D:8:      grunt_temple_overflow_open, lair_0_dummy
Temple:   chambers_temple_12
Lair:1:   nicolae_volcano_entry_two_sided, infiniplex_staircase_pool

Action                   |  1- 3 |  4- 6 |  7- 9 | 10-12 || total
-------------------------+-------+-------+-------+-------++-------
Melee: Unarmed           |   185 |   255 |   449 |   178 ||  1067
Throw: Stone             |       |       |     1 |       ||     1
Invok: Minor Destruction |       |       |     5 |     5 ||    10
       Major Destruction |       |       |     2 |       ||     2
       Lesser Servant of |       |       |       |     2 ||     2
Evoke: Wand              |       |       |     1 |       ||     1
  Use: Scroll            |     5 |     7 |     6 |     5 ||    23
       Potion            |       |     2 |       |       ||     2
 Stab: Sleeping          |     1 |       |     1 |       ||     2
  Eat: Chunk             |     5 |    10 |    16 |     9 ||    40
